AoeStats
← Silentkill921

Black Forest

509862020Analyzed
2v2 RM · 6d ago on Sep 28, 2026· 55m 58s· 4 players
Game mode
Random Map
Map size
Medium (4 player)
Population
200
Speed
Normal
Resources
Standard
Victory
Conquest
Starting age
Dark Age
Ending age
Imperial Age
RankedLock teamsTeams togetherTeam positionsShared explorationLock speedFull tech treeHidden civsTurbo modeCheats
Victory
Defeat
🇦🇿 Khmer · Azerbaijan
835
+13
🇦🇿 Turks · Azerbaijan
725
+18
🇨🇳 Byzantines · China
784
-16
🇺🇸 Khmer · United States
750
-33
Silentkill921
10:22 Feudal Age
11:44 Double-Bit Axe
18:34 Horse Collar
22:30 Castle Age
21:35 Gold Mining
28:51 Imperial Age
26:54 Stone Mining
27:40 Gold Shaft Mining
27:17 Bow Saw
27:27 Bow Saw
27:25 Loom
28:40 Stone Mining
30:07 Fishing Lines
30:41 Heavy Scorpion
31:52 Heavy Plow
32:33 Stone Shaft Mining
34:24 Caravan
34:44 Elite Ballista Elephant
35:42 Gillnets
36:27 Double Crossbow
37:18 Ballistics
36:53 Cavalier
37:37 Husbandry
37:51 Bloodlines
37:51 Herbal Medicine
39:24 Elite Battle Elephant
40:19 Tusk Swords
43:12 Chemistry
42:16 Padded Archer Armor
42:06 Fletching
42:27 Forging
42:17 Scale Mail Armor
42:22 Scale Barding Armor
56:08 Iron Casting
55:48 Chain Mail Armor
55:30 Bodkin Arrow
好歌剧
11:54 Feudal Age
14:59 Horse Collar
21:14 Castle Age
20:29 Double-Bit Axe
20:40 Gold Mining
22:34 Bow Saw
24:39 Treadmill Crane
25:52 Heavy Plow
30:03 Wheelbarrow
30:15 Stone Mining
31:00 Gold Shaft Mining
34:24 Imperial Age
32:09 Hand Cart
31:40 Loom
36:49 Crop Rotation
36:22 Scale Mail Armor
36:22 Padded Archer Armor
36:13 Fletching
36:33 Forging
36:29 Scale Barding Armor
37:27 Chemistry
36:47 Ballistics
36:26 Murder Holes
38:13 Stone Shaft Mining
38:53 Chain Mail Armor
38:53 Leather Archer Armor
38:34 Bodkin Arrow
39:14 Iron Casting
39:00 Chain Barding Armor
38:46 Squires
38:06 Pikeman
38:32 Arson
38:12 Elite Skirmisher
38:58 Thumb Ring
41:37 Two-Man Saw
41:18 Conscription
41:15 Logistica
41:54 Ring Archer Armor
41:24 Bracer
42:08 Plate Mail Armor
41:38 Bracer
42:14 Plate Barding Armor
41:15 Halberdier
42:02 Husbandry
41:23 Heavy Camel Rider
43:44 Elite Cataphract
45:00 Hoardings
45:37 Cavalier
47:14 Block Printing
47:21 Sanctity
48:25 Fervor
48:41 Illumination
48:51 Theocracy
48:14 Paladin
Muhammed Alparslan
2:19 Loom
14:10 Feudal Age
17:39 Castle Age
15:37 Horse Collar
16:00 Double-Bit Axe
20:11 Bow Saw
21:46 Wheelbarrow
22:31 Town Watch
22:51 Heavy Plow
22:55 Gold Mining
22:55 Stone Mining
23:02 Stone Mining
25:00 Hand Cart
28:00 Gold Shaft Mining
28:00 Stone Shaft Mining
28:37 Scale Barding Armor
28:42 Forging
28:23 Fletching
29:20 Husbandry
29:31 Bloodlines
29:25 Scale Mail Armor
30:27 Ballistics
29:52 Light Cavalry
31:19 Iron Casting
34:37 Imperial Age
33:23 Chain Barding Armor
33:19 Caravan
35:44 Conscription
34:48 Hussar
36:50 Chemistry
36:22 Double Crossbow
37:59 Town Patrol
38:04 Tusk Swords
37:26 Elite Ballista Elephant
39:16 Plate Barding Armor
39:42 Blast Furnace
39:00 Tusk Swords
39:59 Crop Rotation
40:09 Bodkin Arrow
40:15 Padded Archer Armor
41:19 Scale Mail Armor
42:46 Bracer
43:56 Siege Engineers
49:38 Chain Mail Armor
49:39 Leather Archer Armor
48:47 Elite Skirmisher
SANTA
7:32 Loom
12:42 Feudal Age
12:43 Man-at-Arms
15:06 Arson
16:10 Horse Collar
19:12 Forging
20:33 Double-Bit Axe
24:30 Castle Age
24:28 Fletching
26:26 Bloodlines
26:17 Husbandry
27:26 Wheelbarrow
27:42 Wheelbarrow
28:16 Gold Mining
28:52 Heavy Plow
29:30 Iron Casting
28:55 Scale Mail Armor
29:02 Scale Barding Armor
28:23 Long Swordsman
29:04 Squires
31:04 Hand Cart
34:09 Stone Mining
37:09 Imperial Age
37:15 Gold Shaft Mining
38:47 Two-Handed Swordsman
40:07 Champion
41:53 Blast Furnace
41:09 Chain Mail Armor
41:14 Chain Barding Armor
44:39 Conscription
48:53 Ballistics
48:54 Bombard Tower
48:24 Treadmill Crane
48:32 Arrowslits
48:58 Fortified Wall
48:44 Murder Holes
Connection lost

Rejoining the realm…

Still unreachable

The connection could not be restored.

Session expired

The server has moved on; the page needs a fresh start.